Map: Automaton LE

Players

DrinkFiend

  • Race: Terran Terran
  • League: Silver
  • Spawn Location: 9:00

ZaZen - Winner!

  • Race: Protoss Protoss
  • League: Silver
  • Spawn Location: 3:00

VOD

Have the link to the VOD?

Description

Time

  • Played on: May 18, 2019, 6:30 p.m.
  • Length: 14:32
Show
View Real Time Build Order
Export as new Build Order

DrinkFiend Terran 

Build Orders:  

Get SALT Encoding   

  12  0:03  SCV  
  13  0:15  SCV  
  13  0:19  Supply Depot  
  14  0:28  SCV  
  15  0:31  Refinery  
  15  0:47  Barracks  
  15  0:49  SCV  
  16  1:01  SCV  
  17  1:47  Supply Depot, Barracks Reactor  
  17  2:09  Orbital Command  
  17  2:22  Refinery  
  17  2:27  Marine  
  17  2:28  Marine  
  19  2:30  Command Center  
  19  2:34  SCV  
  20  2:57  Engineering Bay x2  
  20  2:59  SCV  
  20  3:02  Marine  
  20  3:03  Marine  
  23  3:11  SCV  
  22  3:46  Orbital Command  
  22  3:57  Barracks  
  22  3:58  Barracks  
  22  4:01  SCV  
  23  4:12  Missile Turret  
  23  4:15  Supply Depot  
  23  4:16  SCV  
  24  4:31  Marine x2  
  26  4:40  Factory  
  25  4:46  Barracks  
  25  4:51  Marine x2  
  25  4:52  Marine x2  
  29  5:09  Marine  
  30  5:16  Terran Infantry Weapons Level 1, Terran Infantry Armor Level 1  
  30  5:26  Barracks Reactor  
  30  5:27  Barracks Reactor  
  30  5:33  Barracks Tech Lab  
  30  5:34  Factory Tech Lab  
  30  5:46  Orbital Command  
  30  6:02  Marine x2  
  30  6:03  Marine x3  
  35  6:05  Marine x2  
  35  6:09  SCV  
  38  6:15  Stimpack  
  38  6:24  SCV x2  
  40  6:30  Supply Depot  
  40  6:32  Supply Depot  
  40  6:37  Marine x2  
  40  6:38  Marine x2  
  40  6:39  Marine x2  
  46  6:44  Marauder  
  48  6:51  Armory  
  48  6:57  Starport  
  48  7:01  SCV x2  
  50  7:03  Starport  
  50  7:16  Marine x2  
  50  7:17  Marine x5  
  50  7:19  Siege Tank  
  60  7:27  SCV x2  
  62  7:32  Supply Depot  
  62  7:34  Marine, Supply Depot  
  62  7:36  Marine  
  64  7:39  SCV  
  65  7:47  Starport Reactor x2  
  65  8:07  Marine x5  
  65  8:08  Marine x2  
  65  8:11  SCV x2  
  74  8:18  Refinery  
  74  8:20  Refinery  
  74  8:24  Combat Shield  
  65  8:43  Marine x4  
  65  8:44  Marine x3  
  51  9:01  Marine x3  
  53  9:03  Medivac, Siege Tank  
  53  9:04  Medivac x3  
  53  9:06  SCV  
  53  9:07  SCV  
  66  9:19  SCV x2  
  68  9:26  Supply Depot  
  68  9:29  Supply Depot  
  68  9:30  Terran Infantry Armor Level 2, Terran Infantry Weapons Level 2  
  68  9:32  Supply Depot  
  68  9:33  Terran Vehicle Weapons Level 1  
  68  9:41  Marine  
  68  9:42  Marine x2  
  68  9:44  SCV  
  72  9:47  SCV  
  73  10:08  SCV x2, Marine x2  
  73  10:09  Marine x4  
  73  10:10  Marine  
  73  10:13  Siege Tank  
  85  10:14  Viking  
  85  10:19  Viking  
  89  10:28  Marauder, Marine  
  91  10:30  Marine x3  
  91  10:31  Marine x2  
  91  10:34  SCV x2  
  99  10:46  SCV, Marine  
  99  10:48  Marine x2  
  84  11:02  Marine  
  84  11:03  Marine x2  
  79  11:05  Marauder, Siege Tank  
  79  11:07  Medivac x4  
  92  11:16  SCV x2  
  94  11:22  Supply Depot  
  94  11:23  Supply Depot x2  
  94  11:37  Medivac  
  96  11:45  Marine x7  
  103  11:47  Siege Tank  
  103  11:49  Medivac x3  
  112  12:03  Marine x4  
  112  12:04  Marine  
  112  12:06  SCV  
  118  12:08  SCV  
  118  12:10  Command Center  
  119  12:18  SCV  
  119  12:20  SCV  
  121  12:33  Supply Depot  
  121  12:35  Supply Depot  
  121  12:48  SCV x2  
  60  13:59  Marine  
  60  14:00  Marine x5  
  60  14:02  Marine  
Show
View Real Time Build Order
Export as new Build Order

ZaZen Protoss - Winner!

Build Orders: Oracle Opening 

Get SALT Encoding   

  12  0:01  Probe  
  13  0:17  Pylon  
  13  0:25  Probe  
  14  0:45  Probe  
  14  0:47  Pylon  
  15  0:53  Probe  
  16  1:04  Assimilator  
  16  1:10  Gateway  
  16  1:14  Probe  
  17  1:34  Nexus  
  17  1:42  Probe  
  18  1:57  Cybernetics Core  
  18  1:59  Zealot  
  20  2:05  Assimilator  
  20  2:16  Warp Gate  
  20  2:26  Zealot  
  22  2:53  Stargate  
  22  3:02  Probe x2  
  24  3:14  Probe x2  
  26  3:28  Stalker  
  26  3:31  Oracle  
  26  3:32  Probe x2  
  33  3:55  Probe x2  
  35  4:09  Probe  
  36  4:10  Nexus  
  36  4:12  Probe  
  37  4:28  Gateway  
  34  4:48  Probe x2  
  36  4:53  Pylon  
  36  5:03  Gateway  
  36  5:08  Pylon  
  36  5:16  Gateway x2  
  36  5:19  Probe x2, Gateway  
  36  5:20  Probe  
  39  5:38  Probe  
  39  5:39  Twilight Council  
  39  5:40  Assimilator  
  40  5:43  Assimilator  
  40  5:55  Probe x3  
  43  5:58  Charge  
  43  6:06  Probe  
  43  6:07  Probe  
  43  6:08  Probe  
  46  6:12  Pylon  
  46  6:14  Probe  
  46  6:15  Probe  
  46  6:16  Probe  
  49  6:28  Gateway  
  49  6:29  Gateway  
  49  6:31  Oracle  
  52  6:40  Probe x3  
  52  6:43  Stalker  
  52  6:44  Stalker  
  58  6:53  Probe x3  
  61  6:56  Stalker  
  61  6:57  Sentry  
  61  6:58  Sentry  
  67  7:08  Zealot  
  69  7:10  Probe x3  
  72  7:22  Probe  
  73  7:25  Probe x2, Forge x2  
  75  7:34  Probe  
  76  7:37  Probe x2  
  76  7:42  Stalker x2  
  76  7:43  Stalker  
  84  7:46  Probe  
  85  7:52  Pylon  
  85  7:55  Pylon  
  85  7:56  Pylon  
  85  7:59  Blink  
  85  8:00  Templar Archives  
  85  8:05  Robotics Facility  
  85  8:06  Protoss Ground Weapons Level 1, Protoss Ground Armor Level 1  
  85  8:10  Probe x3  
  88  8:16  Pylon  
  88  8:18  Pylon  
  88  8:19  Zealot x2  
  92  8:20  Zealot x3  
  92  8:24  Probe x3  
  101  8:36  Probe  
  101  8:38  Zealot x3  
  79  8:53  Stalker x4  
  81  9:00  Psionic Storm  
  81  9:07  Gateway  
  81  9:09  Gateway  
  81  9:17  Assimilator  
  81  9:21  Assimilator  
  81  9:31  Zealot  
  81  9:33  Zealot x3  
  81  9:34  Zealot x2  
  81  9:35  Zealot  
  95  9:38  Pylon  
  95  9:40  Pylon  
  95  9:41  Pylon  
  95  9:44  Probe x2  
  97  9:48  Warp Prism  
  99  9:58  High Templar  
  99  9:59  High Templar x3  
  107  10:02  Zealot x3  
  107  10:04  Archon x2  
  113  10:17  Warp Prism  
  113  10:20  Nexus  
  113  10:23  Protoss Ground Armor Level 2  
  113  10:26  Gateway  
  113  10:27  Gateway  
  115  10:29  Gateway  
  115  10:39  Protoss Ground Weapons Level 2  
  115  10:43  Sentry x2  
  115  10:45  Zealot  
  115  10:46  Zealot x4  
  129  10:50  Observer  
  122  11:12  Observer  
  122  11:18  Zealot x5  
  127  11:19  Zealot x3  
  139  11:26  Pylon  
  139  11:27  Pylon  
  139  11:29  Probe, Pylon  
  139  11:30  Probe x2  
  139  11:31  Pylon  
  142  11:33  High Templar x2  
  146  11:42  Probe x2  
  148  11:49  Gateway x2  
  148  11:52  Gateway  
  148  11:54  Gateway  
  148  11:56  Probe x4  
  148  11:58  Assimilator  
  148  12:00  High Templar x3  
  148  12:01  High Templar x4  
  164  12:02  Assimilator  
  164  12:05  Archon x3  
  164  12:06  Archon  
  166  12:23  High Templar x2  
  166  12:25  Zealot x2  
  174  12:44  Immortal  
  178  13:23  Immortal  
  140  13:42  Stalker  
  140  13:43  Stalker x7  
  140  13:44  Stalker x2  
  140  13:45  Stalker x4  
  113  14:17  Stalker x5  
  113  14:18  Stalker x4  
  113  14:19  Stalker x3  
  113  14:20  Stalker x3  
Tags
 
Add a new tag
Caveats
  • Supply blocks, unpowered buildings, or Contaminate may cause inaccurate times.
  • Supply counts are checked every 10 seconds.